 Dungeon Crawl Stone Soup version 0.25.0-9-g26727b657a (webtiles) character file.

Game seed: 3163333193147013609

69 Esekla the Grave Robber (level 4, 0/21 HPs)
             Began as a Spriggan Necromancer on June 16, 2020.
             Killed from afar by an orc wizard (6 damage)
             ... with a magic dart
             ... on level 4 of the Dungeon.
             The game lasted 00:14:41 (2817 turns).

Esekla the Grave Robber (Spriggan Necromancer)      Turns: 2817, Time: 00:14:41

Health: 0/21       AC:  2    Str:  4    XL:     4   Next: 2%
Magic:  10/10      EV: 19    Int: 17    God:
Gold:   81         SH:  0    Dex: 16    Spells: 6/10 levels left

rFire    . . .     SeeInvis +   g - +0 dagger
rCold    . . .     Gourm    .   (shield restricted)
rNeg     . . .     Faith    .   a - +0 robe
rPois    .         Spirit   .   (helmet restricted)
rElec    .         Reflect  .   (no cloak)
rCorr    .         Harm     .   (gloves unavailable)
MR       .....                  (boots unavailable)
Stlth    +++.......             (no amulet)
HPRegen  0.07/turn              j - ring of wizardry
MPRegen  0.12/turn              (no ring)

@: very quick
A: very small, unfitting armour, see invisible, herbivore, speed 3, slow
metabolism 2
a: no special abilities


You were on level 4 of the Dungeon.
You were not hungry.

You visited 1 branch of the dungeon, and saw 4 of its levels.
You also visited: Sewer.

You collected 81 gold pieces.

Inventory:

Hand Weapons
 g - a +0 dagger (weapon)
 i - a +0 spear
Armour
 a - a +0 robe (worn)
 q - a +0 cloak
Jewellery
 j - a ring of wizardry (left hand)
Scrolls
 d - a scroll of identify {unknown}
 e - 6 scrolls of teleportation
 h - 2 scrolls of remove curse
 k - a scroll of noise {unknown}
 m - a scroll of fear {unknown}
 p - a scroll of fog {unknown}
 s - 3 scrolls of blinking {unknown}
Potions
 b - a potion of flight {unknown}
 f - 3 potions of might {unknown}
 l - a potion of curing {unknown}
 n - 2 potions of heal wounds {unknown}
 o - a potion of magic {unknown}
 r - a potion of stabbing {unknown}
Comestibles
 c - 4 rations


   Skills:
 * Level 3.8 Dodging
 + Level 3.8 Stealth
 * Level 3.9 Spellcasting
 + Level 4.0 Necromancy


You had 6 spell levels left.
You knew the following spells:

 Your Spells              Type           Power        Failure   Level  Hunger
a - Pain                  Necr           ###.         1%          1    None
d - Vampiric Draining     Necr           ###.......   3%          3    ###....

Your spell library contained the following spells:

 Spells                   Type           Power        Failure   Level  Hunger
 Animate Skeleton         Necr           N/A          1%          1    None
 Animate Dead             Necr           N/A          12%         4    ####...
 Agony                    Necr           ###.....     32%         5    ######.


Dungeon Overview and Level Annotations

Branches:
Dungeon (4/15)              Sewer (visited)
 Temple: D:4-7

Altars:
Fedhas


Innate Abilities, Weirdness & Mutations

You are very small and have problems with some larger weapons.
You are too small for most types of armour.
You have supernaturally acute eyesight. (SInv)
You are a herbivore.
You cover ground extremely quickly.
You need to consume almost no food.


Message History

Found 3 scrolls labeled DIOHAS KIRE.
The orc wizard shouts!
The orc wizard casts a spell.
The orc wizard blinks!
The orc wizard gestures at you while chanting.
The magic dart hits you!
The orc wizard hits you but does no damage.
You see here 3 scrolls labeled DIOHAS KIRE.
s - 3 scrolls labeled DIOHAS KIRE The orc wizard casts a spell.
The orc wizard blinks!
The orc wizard gestures at you while chanting.
The magic dart hits you!
* * * LOW HITPOINT WARNING * * *
Found a ration.
The orc wizard casts a spell at you.
You easily resist.
The orc wizard gestures at you while chanting.
The magic dart hits you.
You die...

.##.....#........####.## ..
.. .##..........#.........#
... ..
..................s....##....
..
..#............o.............
. ..#.......o..%.s.........##
...........#...######....##.
......Z....#...Z.......o.....
..Z........#...........#.....
................@......# ....
......#................# #.#
......#........###.....# .
......#........# #.....#
......#####+#### #######
..###. ..## ...# ...#


You could see an orc wizard, an orc and an adder skeleton.

Vanquished Creatures
  A hound skeleton (D:4)
  An adder (Sewer)
  A river rat (D:4)
  3 giant cockroaches
  A goblin (D:2)
  2 hobgoblins
  4 jackals (D:3)
  A quokka (D:3)
  4 ball pythons
  2 bats
  9 frilled lizards (Sewer)
  4 kobolds (D:2)
  10 rats
43 creatures vanquished.

Notes
Turn   | Place    | Note
-------+----------+-------------------------------------------
     0 | D:1      | Esekla the Spriggan Necromancer began the quest for the
                  | Orb.
     0 | D:1      | Reached XP level 1. HP: 9/9 MP: 5/5
   525 | D:2      | Reached XP level 2. HP: 3/13 MP: 2/7
   637 | D:2      | Found a blossoming altar of Fedhas.
  1304 | D:3      | Noticed a crimson imp
  1772 | D:4      | Noticed an ogre
  1812 | D:4      | Reached XP level 3. HP: 9/16 MP: 9/9
  1817 | D:4      | Learned a level 3 spell: Vampiric Draining
  1976 | D:4      | Found a glowing drain.
  2054 | Sewer    | Entered a sewer
  2120 | Sewer    | Reached skill level 4 in Necromancy
  2596 | Sewer    | Reached XP level 4. HP: 17/21 MP: 6/10
  2817 | D:4      | Killed from afar by an orc wizard

Illustrated notes

Levels and vault maps discovered:
D:1:      dpeg_arrival_arbitrary_b, layout_rooms
D:2:      layout_basic, lemuel_doored_altar, first_ration
D:3:      layout_basic, chequers_ecumenical_altar_grove
D:4:      layout_basic, tso_altar, portal_sewer_entry_b

Skill      XL: |  1  2  3 |
---------------+----------+-----
Spellcasting   | 3 |  3.9
Necromancy     | 4 |  4.0
Dodging        | |  3.8
Stealth        | |  3.8

Action                   |  1- 3 |  4- 6 || total
-------------------------+-------+-------++-------
Melee: Dagger            |   104 |     6 ||   110
 Cast: Pain              |    36 |       ||    36
       Vampiric Draining |     9 |     1 ||    10
  Use: Scroll            |     2 |       ||     2
 Stab: Sleeping          |     5 |       ||     5
  Eat: Ration            |     1 |       ||     1
Armor: Robe              |    13 |     1 ||    14
Dodge: Dodged            |   100 |    20 ||   120
